AoeStats
← Boaty McBoatface

MegaRandom

510613357Analyzed
2v2 RM · 2d ago on Oct 1, 2026· 28m 26s· 4 players
Game mode
Random Map
Map size
Medium (4 player)
Population
200
Speed
Normal
Resources
Standard
Victory
Conquest
Starting age
Dark Age
Ending age
Imperial Age
RankedLock teamsTeams togetherTeam positionsShared explorationLock speedFull tech treeHidden civsTurbo modeCheats
Victory
Defeat
🇲🇽 Varangians · Mexico
1135
+14
1097
+16
🇩🇪 Mongols · Germany
1120
-16
🇩🇪 Japanese · Germany
1070
-14
ChetosF
7:43 Loom
10:27 Feudal Age
13:59 Bloodlines
16:07 Scale Barding Armor
16:12 Forging
16:06 Double-Bit Axe
18:08 Forging
19:37 Gold Mining
22:26 Castle Age
21:15 Horse Collar
21:27 Gold Mining
23:11 Husbandry
24:09 Iron Casting
27:47 Chain Barding Armor
Torfhildur Þorsteinsdóttir
7:10 Loom
10:07 Feudal Age
20:02 Castle Age
18:40 Padded Archer Armor
18:43 Gold Mining
26:27 Stone Mining
26:59 Double-Bit Axe
Boaty McBoatface
0:34 Loom
10:51 Feudal Age
9:26 Loom
11:30 Double-Bit Axe
11:26 Horse Collar
12:21 Town Watch
18:21 Castle Age
17:55 Wheelbarrow
18:55 Forging
20:51 Bow Saw
21:19 Scale Mail Armor
25:24 Hand Cart
IsInYourFacex77
10:18 Feudal Age
14:23 Castle Age
12:32 Double-Bit Axe
12:36 Horse Collar
19:34 Loom
26:32 Wheelbarrow
25:42 Town Watch
Connection lost

Rejoining the realm…

Still unreachable

The connection could not be restored.

Session expired

The server has moved on; the page needs a fresh start.